 Dungeon Crawl Stone Soup version 0.16-a0-1183-g5b05a17 (webtiles) character file.

19157 Kashira the Cleaver (level 12, -2/65 HPs)
             Began as a Vine Stalker Berserker on Oct 10, 2014.
             Was a High Priest of Trog.
             Slain by a spiny frog (14 damage)
             ... on level 3 of the Lair of Beasts.
             The game lasted 01:13:23 (9367 turns).

Kashira the Cleaver (Vine Stalker Berserker)        Turns: 9367, Time: 01:13:23

Health: -2/65      AC: 12    Str: 24      XL:     12   Next: 66%
Magic:  0/36       EV: 17    Int:  3 (4)  God:    Trog [*****.]
Gold:   698        SH:  0    Dex: 14      Spells: 0 memorised, 11 levels left

rFire  . . .     SeeInvis .     t - +3 hand axe (venom)
rCold  + . .     Clarity  .     n - +2 leather armour {rPois}
rNeg   + . .     SustAb   .     (no shield)
rPois  +         Gourm    .     Z - +2 hat
rElec  .         Spirit   +     r - +2 cloak
rCorr  .         Warding  +     q - +0 pair of gloves {archery}
rMut   .         Stasis   .     (no boots)
MR     +++..                    l - amulet of warding
Stlth  +.........               D - ring of flight
                                i - ring of magical power

@: lethally poisoned, regenerating, extremely resistant to hostile enchantments,
very unstealthy
A: fangs 3, hooves 1, cold resistance 1, deterioration 1, dopey 2, high mp 1,
regeneration 3, magic shield, antimagic bite, no device heal 3, rot immunity
a: Burn Spellbooks, Berserk, Trog's Hand, Brothers in Arms, Renounce Religion,
Evoke Flight


You were on level 3 of the Lair of Beasts.
You worshipped Trog.
Trog was extremely pleased with you.
You were not hungry.

You visited 2 branches of the dungeon, and saw 14 of its levels.
You also visited: Sewer and Ossuary.

You collected 698 gold pieces.

Inventory:

Hand weapons
 t - a +3 hand axe of venom (weapon)
 T - a +3 antimagic executioner's axe
Missiles
 w - 4 javelins (quivered)
 I - 3 throwing nets
 X - 5 steel javelins
Armour
 n - a +2 leather armour of poison resistance (worn)
 q - a +0 pair of gloves of archery (worn)
 r - a +2 cloak (worn)
 M - the +1 leather armour "Tweeler" {rF++ Curse}
   (You found it on level 10 of the Dungeon)

   It greatly protects you from fire.
   It may recurse itself when equipped.
 Z - a +2 hat (worn)
Magical devices
 b - a wand of fire (10)
 d - a wand of cold (5)
 o - a wand of paralysis (10)
 u - a wand of enslavement (8)
 y - a wand of invisibility (2)
 R - a wand of fireball (7)
Comestibles
 c - 14 bread rations
 g - a meat ration
 z - 8 fruits
Scrolls
 e - a scroll of fear
 p - 2 scrolls of teleportation
 s - 7 scrolls of magic mapping
 G - 2 scrolls of amnesia
 H - a scroll of fog
 K - 3 scrolls of blinking
 W - a scroll of acquirement {unknown}
Jewellery
 a - an uncursed ring of ice
 i - a ring of magical power (left hand)
 l - an amulet of warding (around neck)
 D - a ring of flight (right hand)
Potions
 f - 4 potions of restore abilities
 h - 2 potions of brilliance {unknown}
 j - 3 potions of might
 k - 8 potions of curing
 m - 3 potions of cancellation
 v - a potion of poison {unknown}
 J - 2 potions of magic {unknown}
 P - 4 potions of agility


   Skills:
 + Level 8.9 Fighting
 + Level 9.8 Axes
 + Level 6.1 Armour
 + Level 9.5 Dodging
 * Level 8.3 Evocations


You had 11 spell levels left.
You didn't know any spells.

Dungeon Overview and Level Annotations

Branches:
Dungeon (11/15)            Temple (0/1) D:6             Orc (0/4) D:10
   Lair (3/8) D:11
  Swamp: Lair:3-6    Shoals: Lair:3-6     Snake: Lair:3-6    Spider: Lair:3-6

Altars:
Cheibriados
Dithmenos
Nemelex Xobeh
Okawaru
Sif Muna
Trog
Vehumet
Zin
The Shining One
Beogh

Shops:
D:8 [


Innate Abilities, Weirdness & Mutations

You have razor-sharp teeth.
You regenerate.
When hurt, damage is shared between your health and your magic reserves.
Your bite disrupts and absorbs the magic of your enemies.
Potions and wands cannot restore your health.
You are immune to rotting.
You have large cloven feet.
Your flesh is cold resistant.
Your body is slowly deteriorating.
You are very dopey. (Int -4)
You have an increased reservoir of magic (+10% MP).


Message History

The spiny frog poisons you!
You closely miss the spiny frog.
The spiny frog is severely wounded.
You feel sick. The spiny frog stings you!!
* * * LOW HITPOINT WARNING * * *
Unknown command.
Use which ability? (? or * to list)
Your skin crawls.
You feel resistant to hostile enchantments.
You feel slightly more hungry.
You feel sick.
The spiny frog stings you but does no damage.
You feel sick.
You feel sick.
You feel sick.
You feel sick.
You feel sick. The spiny frog completely misses you.
Use which ability? (? or * to list)
Your troll goes berserk!
You feel somewhat more hungry.
You feel sick. The spiny frog stings you!!
You die...

..........##
............##
..........%..P#
......#.P#....###
$.............#.#
#.......P......#
#.
#.........###.##
..##.........##.F#
.#...........###@#
........##.###
#.T# ........####
...# ..##....#
#P.## .#.#....###
##...#
.........P####.#.#
.................#
...............#.#
.................#


You could see a spiny frog and a friendly troll (berserk).

Vanquished Creatures
  6 hill giants
  An ugly thing (D:11)
  A manticore (D:8)
  2 spiny frogs
  A fire drake (Lair:2)
  3 trolls
  2 two-headed ogres
  Prince Ribbit (D:5)
  A slime creature (Lair:1)
  The ghost of Afay the Cutter, an average KoBe of Trog (D:4)
  A shadow (D:11)
  A spriggan (D:7)
  3 hippogriffs
  2 wyverns (D:11)
  A hungry ghost (D:10)
  2 steam dragons (D:9)
  8 yaks
  A hill giant skeleton (D:11)
  4 wolves (Lair:1)
  Edmund (D:5)
  Menkaure (D:5)
  A porcupine (Lair:1)
  2 water moccasins
  An ice beast (D:8)
  3 phantoms
  5 ogres
  A sky beast (D:5)
  7 orc warriors
  A yellow wasp (D:9)
  A manticore skeleton (D:11)
  3 centaurs
  An elf zombie (D:7)
  Sigmund (D:5)
  2 big kobolds
  2 elf skeletons (D:7)
  11 giant frogs
  A wyvern zombie (D:6)
  A water moccasin zombie (Ossuary)
  2 scorpions
  A hippogriff zombie (D:9)
  21 killer bees
  10 wights
  2 goliath beetles (D:7)
  A centaur zombie (D:9)
  6 crimson imps
  5 iguanas
  9 hounds
  9 jellies (Lair:1)
  Crazy Yiuf (D:3)
  A human zombie (D:7)
  A human skeleton (D:7)
  15 orc wizards
  A basilisk skeleton (D:11)
  8 orc priests
  4 worker ants
  3 big kobold zombies (Ossuary)
  Ijyb (D:3)
  A worker ant zombie (D:6)
  2 mummies (Ossuary)
  11 adders
  20 green rats
  3 gnolls (D:5)
  4 giant mites
  A shadow imp (D:10)
  A worm (D:9)
  4 adder zombies
  4 giant geckos
  14 oozes (Lair:1)
  42 orcs
  3 ball pythons
  10 bats
  2 giant cockroaches
  3 gnoll zombies (Ossuary)
  10 goblins
  17 hobgoblins
  4 jackals (D:11)
  20 kobolds
  10 quokkas
  6 giant newts
  2 giant spores
  A hobgoblin skeleton (D:5)
  2 hobgoblin zombies (Ossuary)
  A kobold skeleton (D:8)
  2 kobold zombies (Ossuary)
  An orc skeleton (D:7)
  4 orc zombies (Ossuary)
  22 rats
  15 ballistomycetes
  2 fungi (D:9)
433 creatures vanquished.

Vanquished Creatures (collateral kills)
  2 hydras (Lair:1)
  The ghost of bmpenner the Martial Artist, an experienced DrTm of Qazlal (D:9)
  Nergalle (D:10)
  Erolcha (D:10)
  3 water moccasins (Lair:2)
  3 spectral orcs (D:10)
  4 green rats (Lair:2)
  A bat (D:10)
16 creatures vanquished.

Vanquished Creatures (others)
  A giant spore (D:11)
  2 fungi
3 creatures vanquished.

Grand Total: 452 creatures vanquished

Notes
Turn   | Place    | Note
--------------------------------------------------------------
     0 | D:1      | Kashira, the Vine Stalker Berserker, began the quest for the Orb.
     0 | D:1      | Reached XP level 1. HP: 11/11 MP: 1/1
   135 | D:1      | Found a snail-covered altar of Cheibriados.
   168 | D:1      | Reached skill level 3 in Axes
   168 | D:1      | Reached XP level 2. HP: 16/16 MP: 3/3
   442 | D:1      | Acquired Trog's second power
   709 | D:2      | Reached XP level 3. HP: 20/20 MP: 4/4
   972 | D:2      | Found a deep blue altar of Sif Muna.
  1110 | D:3      | Noticed Ijyb
  1123 | D:3      | Killed Ijyb
  1188 | D:3      | Reached XP level 4. HP: 21/24 MP: 5/5
  1213 | D:3      | Found a glowing silver altar of Zin.
  1332 | D:3      | Found a shadowy altar of Dithmenos.
  1472 | D:3      | Noticed Crazy Yiuf
  1478 | D:3      | Killed Crazy Yiuf
  1478 | D:3      | Reached XP level 5. HP: 28/28 MP: 7/7
  1591 | D:3      | Found an iron altar of Okawaru.
  1706 | D:4      | Noticed an ogre
  1707 | D:4      | Noticed Afay's ghost (average KoBe)
  1718 | D:4      | Killed an ogre
  1718 | D:4      | Gained mutation: You heal very quickly. [vine stalker growth]
  1718 | D:4      | Reached XP level 6. HP: 33/33 MP: 8/8
  1724 | D:4      | Killed Afay's ghost
  1724 | D:4      | Reached skill level 4 in Fighting
  1957 | D:4      | Reached XP level 7. HP: 37/37 MP: 9/9
  2320 | D:4      | Found a sparkling altar of Nemelex Xobeh.
  2451 | D:5      | Entered Level 5 of the Dungeon
  2511 | D:5      | Noticed Prince Ribbit
  2569 | D:5      | Acquired Trog's third power
  2595 | D:5      | Killed Prince Ribbit
  2740 | D:5      | Gained mutation: You have razor-sharp teeth. [vine stalker growth]
  2740 | D:5      | Reached XP level 8. HP: 38/42 MP: 11/11
  2748 | D:5      | Reached skill level 1 in Evocations
  2880 | D:5      | Noticed Edmund
  2895 | D:5      | Killed Edmund
  2916 | D:5      | Noticed Sigmund
  2923 | D:5      | Killed Sigmund
  3023 | D:5      | Found a radiant altar of Vehumet.
  3185 | D:5      | Noticed Menkaure
  3195 | D:5      | Killed Menkaure
  3195 | D:5      | Reached skill level 5 in Fighting
  3195 | D:5      | Reached skill level 5 in Axes
  3202 | D:5      | Reached skill level 5 in Armour
  3480 | D:6      | Found a glowing drain.
  3517 | Sewer    | Entered a sewer
  3574 | Sewer    | Reached XP level 9. HP: 47/47 MP: 16/16
  3592 | Sewer    | Found a white marble altar of Elyvilon.
  3665 | Sewer    | Gained mutation: Your flesh is cold resistant. [potion of mutation]
  3665 | Sewer    | Gained mutation: You are dopey. (Int -2) [potion of mutation]
  3665 | Sewer    | Gained mutation: Your body is slowly deteriorating. [potion of mutation]
  3941 | D:6      | Found a staircase to the Ecumenical Temple.
  4253 | D:6      | Found a glowing golden altar of the Shining One.
  4359 | D:6      | Reached skill level 5 in Dodging
  4593 | D:7      | Reached skill level 6 in Axes
  4609 | D:7      | Found a sand-covered staircase.
  4621 | Ossuary  | Entered an ossuary
  5045 | D:8      | Received a gift from Trog
  5130 | D:8      | Reached XP level 10. HP: 46/53 MP: 19/19
  5159 | D:8      | Noticed a manticore
  5172 | D:8      | Killed a manticore
  5387 | D:8      | Found Stan's Armour Emporium.
  5438 | D:8      | Reached skill level 5 in Evocations
  5548 | D:8      | Reached skill level 7 in Axes
  5805 | D:9      | Noticed a moth of wrath
  5808 | D:9      | Found a bloodstained altar of Trog.
  6136 | D:9      | Noticed bmpenner's ghost (experienced DrTm)
  6168 | D:9      | Killed bmpenner's ghost
  6422 | D:9      | Reached XP level 11. HP: 47/58 MP: 22/22
  6599 | D:10     | Entered Level 10 of the Dungeon
  6618 | D:10     | Got an ichor-stained leather armour
  6629 | D:10     | Identified the +1 leather armour "Tweeler" {rF++ Curse} (You found it on level 10 of the Dungeon)
  6679 | D:10     | Found a staircase to the Orcish Mines.
  6721 | D:10     | Found a roughly hewn altar of Beogh.
  6732 | D:10     | Reached skill level 8 in Axes
  6822 | D:10     | Noticed a hill giant
  6831 | D:10     | Killed a hill giant
  6983 | D:10     | Noticed a hill giant
  6991 | D:10     | Killed a hill giant
  7000 | D:10     | Noticed Nergalle
  7015 | D:10     | Killed Nergalle
  7069 | D:10     | Got a faintly glowing scimitar
  7371 | D:10     | Noticed Erolcha
  7373 | D:10     | Paralysed by Erolcha for 3 turns
  7390 | D:10     | Killed Erolcha
  7440 | D:11     | Received a gift from Trog
  7519 | D:11     | Noticed a hill giant
  7528 | D:11     | Killed a hill giant
  7715 | D:11     | Noticed a hill giant
  7725 | D:11     | Killed a hill giant
  7815 | D:11     | Noticed a hill giant
  7835 | D:11     | Killed a hill giant
  7835 | D:11     | Reached skill level 9 in Axes
  7941 | D:11     | Gained mutation: You regenerate. [vine stalker growth]
  7941 | D:11     | Reached XP level 12. HP: 65/65 MP: 24/24
  7983 | D:11     | Gained mutation: You are very dopey. (Int -4) [mutagenic meat]
  7984 | D:11     | Gained mutation: You have large cloven feet. [mutagenic meat]
  7985 | D:11     | Gained mutation: You have an increased reservoir of magic (+10% MP). [mutagenic meat]
  7987 | D:11     | Found a staircase to the Lair.
  8139 | D:11     | Noticed a hill giant
  8152 | D:11     | Killed a hill giant
  8218 | Lair:1   | Entered Level 1 of the Lair of Beasts
  8631 | Lair:1   | Received a gift from Trog
  8664 | Lair:1   | Noticed a five-headed hydra
  8680 | Lair:1   | Killed a seven-headed hydra
  8870 | Lair:1   | Noticed a four-headed hydra
  8876 | Lair:1   | Killed a five-headed hydra
  8876 | Lair:1   | Received a gift from Trog
  9367 | Lair:3   | Slain by a spiny frog

Action                   |  1- 3 |  4- 6 |  7- 9 | 10-12 || total
-------------------------+-------+-------+-------+-------++-------
Melee: Hand axe          |    97 |    69 |   379 |   610 ||  1155
       Unarmed           |       |       |    29 |       ||    29
       Scythe            |       |       |    26 |       ||    26
       Battleaxe         |       |       |       |   140 ||   140
Throw: Javelin           |       |       |       |     4 ||     4
       Throwing net      |       |       |       |     1 ||     1
Invok: Berserk           |       |     2 |     3 |     3 ||     8
       Brothers in Arms  |       |       |       |     7 ||     7
       Trog's Hand       |       |       |       |     2 ||     2
Evoke: Deck              |       |       |     1 |       ||     1
       Wand              |       |       |       |     6 ||     6
  Use: Scroll            |       |     3 |    19 |     7 ||    29
       Potion            |       |       |     3 |       ||     3
  Eat: Chunk             |     1 |       |    12 |     8 ||    21
       Bread ration      |       |     1 |       |       ||     1
       Meat ration       |       |       |     1 |     2 ||     3
       Beef jerky        |       |       |       |     3 ||     3
